 Dungeon Crawl Stone Soup version 0.24.1 (webtiles) character file.

Game seed: 13679427961389332017, levelgen mode: deterministic

61 yeosin the Firebug (level 4, -2/41 HPs)
             Began as an Ogre Fire Elementalist on Mar 28, 2020.
             Slain by an orc wizard
             ... wielding a +0 dagger
              (3 damage)
             ... on level 3 of the Dungeon.
             The game lasted 00:05:38 (2526 turns).

yeosin the Firebug (Ogre Fire Elementalist)         Turns: 2526, Time: 00:05:39

Health: -2/41      AC:  3    Str: 18    XL:     4   Next: 7%
Magic:  2/8        EV: 10    Int: 16    God:
Gold:   155        SH:  0    Dex:  9    Spells: 5/9 levels left

rFire    + . .     SeeInvis .   l - +0 quarterstaff (drain)
rCold    + . .     Gourm    .   (shield currently unavailable)
rNeg     . . .     Faith    .   a - +0 robe
rPois    +         Spirit   .   (helmet restricted)
rElec    +         Reflect  .   (no cloak)
rCorr    +         Harm     .   (gloves unavailable)
MR       .....                  (boots unavailable)
Stlth    +.........             (no amulet)
HPRegen  0.13/turn              (no ring)
MPRegen  0.11/turn              (no ring)

@: mighty, resistant, flying, very slightly contaminated
A: large, unfitting armour, tough skin 1
a: no special abilities


You were on level 3 of the Dungeon.
You were not hungry.

You visited 1 branch of the dungeon, and saw 3 of its levels.

You collected 155 gold pieces.

Inventory:

Hand Weapons
 b - a +0 club
 g - a +1 dagger of holy wrath
 l - a +0 quarterstaff of draining (weapon)
Missiles
 d - 14 poisoned darts
 f - 110 stones (quivered)
Armour
 a - a +0 robe (worn)
Scrolls
 h - a scroll of immolation {unknown}
 j - 2 scrolls of teleportation {unknown}
 n - a scroll of blinking {unknown}
 o - a scroll of identify {unknown}
 p - 3 scrolls of amnesia {unknown}
Potions
 e - a potion of flight
Comestibles
 c - 5 rations
 r - 5 chunks of flesh


   Skills:
 * Level 1.4 Fighting
 + Level 0.3 Staves
 - Level 1.7 Dodging
 - Level 1.4 Stealth
 + Level 3.2 Spellcasting
 + Level 1.2 Conjurations
 + Level 3.6 Fire Magic


You had 5 spell levels left.
You knew the following spells:

 Your Spells              Type           Power        Failure   Level  Hunger
a - Flame Tongue          Conj/Fire      ##...        7%          1    None
b - Conjure Flame         Conj/Fire      ##......     21%         3    ###....

Your spell library contained the following spells:

 Spells                   Type           Power        Failure   Level  Hunger
 Throw Flame              Conj/Fire      ##....       11%         2    ##.....
 Inner Flame              Hex/Fire       #.......     26%         3    ###....
 Sticky Flame             Conj/Fire      ##......     56%         4    ####...
 Fireball                 Conj/Fire      ##........   88%         5    ######.


Dungeon Overview and Level Annotations

Branches:
Dungeon (3/15)

Altars:
Ashenzari


Innate Abilities, Weirdness & Mutations

You are too large for most types of armour.
You have tough skin. (AC +1)


Message History

* * * LOW HITPOINT WARNING * * *
The orc completely misses you.
It was a potion of might.
You feel very mighty all of a sudden. Something hits you but does no damage.
The orc barely misses you.
You barely miss the orc.
You hear some strange, mumbled words.
A magic dart appears from out of thin air!
The magic dart hits you.
* * * LOW HITPOINT WARNING * * *
The orc hits you but does no damage. Something hits you.
* * * LOW HITPOINT WARNING * * *
You closely miss the orc. The orc hits you but does no damage.
You hear some strange, mumbled words.
Something tries to affect you, but you resist.
The orc closely misses you.
You hit the orc.
The orc is severely wounded.
Something hits you.
You die...

.....o.####o ....
.......#...#.......
..._...+.o.........
.......#...........
.......#.###.......
.......)#÷.........
.##+##.⌠#..........
##.#o...........
#....@..........
#..##...........
.#.+##..#...#####....
........#.)..........
........+............
........#............
........++..<........
........##.........##
###......+.........#


You could see an orc.

Vanquished Creatures
  An adder (D:2)
  2 worms (D:2)
  A dart slug (D:2)
  A leopard gecko (D:1)
  3 bats (D:1)
  A giant cockroach (D:1)
  7 goblins
  8 hobgoblins
  3 jackals (D:2)
  3 frilled lizards
  6 kobolds
  4 rats
40 creatures vanquished.

Notes
Turn   | Place    | Note
-------+----------+-------------------------------------------
     0 | D:1      | yeosin the Ogre Fire Elementalist began the quest for the
                  | Orb.
     0 | D:1      | Reached XP level 1. HP: 16/16 MP: 3/3
   292 | D:1      | Reached XP level 2. HP: 24/24 MP: 3/5
  1354 | D:2      | Reached skill level 1 in Fighting
  1354 | D:2      | Reached XP level 3. HP: 33/33 MP: 0/7
  1423 | D:2      | Learned a level 3 spell: Conjure Flame
  1460 | D:2      | Reached skill level 1 in Conjurations
  2262 | D:2      | Reached XP level 4. HP: 41/41 MP: 4/8
  2493 | D:3      | Found a shattered altar of Ashenzari.
  2524 | D:3      | HP: 1/41 [something (2)]
  2526 | D:3      | Slain by an orc wizard

Levels and vault maps discovered:
D:1:      dpeg_arrival_refuge, layout_basic
D:2:      minmay_spotlight, layout_basic, first_ration
D:3:      layout_basic, portal_sewer_entry_d, minivault_19, minivault_4,
          evilmike_ruin_ashenzari

Skill      XL: |  1  2  3 |
---------------+----------+-----
Fire Magic     | 3 |  3.6
Fighting       | 1 |  1.4
Conjurations   | 1 |  1.2
Spellcasting   | 3 |  3.2
Staves         | |  0.3
Dodging        | |  1.7
Stealth        | |  1.4

Action                   |  1- 3 |  4- 6 || total
-------------------------+-------+-------++-------
Melee: Club              |     9 |       ||     9
       Quarterstaff      |    24 |     9 ||    33
 Cast: Flame Tongue      |    57 |    10 ||    67
  Use: Potion            |       |     5 ||     5
  Eat: Chunk             |     4 |     1 ||     5
Armor: Robe              |    18 |     7 ||    25
Dodge: Dodged            |    39 |     8 ||    47
